 Dungeon Crawl Stone Soup version 0.31-a0-826-ga5cc291a1b (webtiles) character file.

Game seed: 12393437665221193809

36 qw the Shooter (level 3, -5/22 HPs)
             Began as a Gargoyle Hunter on Sept 23, 2023.
             Killed by divine providence
             ... invoked by an orc priest
              (11 damage)
             ... on level 2 of the Dungeon.
             The game lasted 00:00:27 (1015 turns).

qw the Shooter (Gargoyle Hunter)                    Turns: 1015, Time: 00:00:28

Health: -5/22      AC:  6    Str: 14    XL:     3   Next: 37%
Magic:  3/3        EV: 11    Int:  9    God:
Gold:   62         SH:  0    Dex: 15    Spells: 2/2 levels left

rFire   . . .        Y - +0 shortbow
rCold   . . .        (shield currently unavailable)
rNeg    + . .        c - +0 leather armour
rPois   inf          (no helmet)
rElec   +            (no cloak)
rCorr   .            (no gloves)
SInv    .            (no boots)
Will    .....        (no amulet)
Stlth   ++           (no ring)
HPRegen 0.23/turn    (no ring)
MPRegen 0.08/turn

%: no passive effects
@: no status effects
A: sickness immunity, AC +3, negative energy resistance 1, electricity
resistance, torment resistance 1, petrification resistance
a: no special abilities


You were on level 2 of the Dungeon.
You visited 1 branch of the dungeon, and saw 2 of its levels.

You collected 62 gold pieces.


Innate Abilities, Weirdness & Mutations

You are immune to sickness and miasma.
Your stone body is resilient. (AC +3)
You are immune to poison.
You resist negative energy. (rN+)
You are resistant to electric shocks. (rElec)
You are resistant to unholy torment.
You are immune to petrification.


   Skills:
 + Level 2.5 Fighting
 - Level 5.0 Ranged Weapons
 - Level 1.5 Dodging
 - Level 1.1 Stealth


You had 2 spell levels left.
You didn't know any spells.
Your spell library was empty.

Inventory:

Hand Weapons
 Y - a +0 shortbow (weapon)
Armour
 c - a +0 leather armour (worn)
Scrolls
 b - a scroll of teleportation {unknown}
Potions
 a - a potion of curing {unknown}
 g - 2 potions of cancellation {unknown}

Dungeon Overview and Level Annotations

Branches:
Dungeon (2/15)

Altars:


Message History

The orc wizard flickers and vanishes!
Deactivating autopickup; reactivate with Ctrl-A.
There is an open door here.
Enter note:
Enter note:
Enter note:
Enter note:
Enter note:
Enter note:
Enter note: You shoot an arrow.
The arrow barely misses the orc.
The arrow hits the orc wizard but does no damage.
The orc hits you but does no damage.
You shoot an arrow. The arrow hits the orc.
The orc is severely wounded.
The orc barely misses you.
The orc priest looks encouraged for a moment.
You shoot an arrow. The arrow barely misses the orc.
The arrow hits the orc wizard.
The orc wizard is lightly wounded.
The orc hits you with a +0 club. The orc hits you but does no damage.
The orc priest calls down the wrath of Beogh upon you.
Beogh smites you!
Ouch! That really hurt!
You shoot an arrow. The arrow closely misses the orc.
The arrow misses the orc wizard.
The arrow hits the orc priest.
The orc priest is moderately wounded.
The orc hits you with a +0 club.
You shoot an arrow. The arrow closely misses the orc.
The arrow hits the orc wizard.
The orc wizard is heavily wounded.
The orc hits you but does no damage.
You shoot an arrow. The arrow barely misses the orc.
The arrow hits the orc wizard.
The orc wizard is severely wounded.
The orc hits you but does no damage.
The orc priest invokes the aid of Beogh against you.
Beogh smites you!
Ouch! That really hurt!
You die...

#####..........########+##.......
....'..........# #.....#.......
#####..........# #.....#....... #
###'##+#########.....#......# ##
#.# #..+.....#......# .#
#.##.######.##.....#####)##
.######.##..............[# #...#
.........########.......)###.###
..#####....ooo{o@...^....'...#
..# ##+########........#####
#...... #........# ###.#..
#...###### # .# ##### ###.#
########## ....# .....<...##
##### ##.#####..## ##..##


You could see an orc priest, an orc wizard and 2 orcs.

Vanquished Creatures
  2 dart slugs
  2 ball pythons
  2 bats (D:1)
  2 endoplasms (D:1)
  5 goblins
  4 hobgoblins
  4 quokkas
  4 frilled lizards
  A kobold (D:1)
  4 rats
30 creatures vanquished.

Notes
Turn   | Place    | Note
-------+----------+-------------------------------------------
     0 | D:1      | qw the Gargoyle Hunter began the quest for the Orb.
     0 | D:1      | Reached XP level 1. HP: 12/12 MP: 1/1
     0 | D:1      | 0 ||| qw: Version: 0.3-a-83-gcd0e7d8
     0 | D:1      | 0 ||| qw: Game counter: 1917
     0 | D:1      | 0 ||| qw: Melee chars always use a shield: true
     0 | D:1      | 0 ||| qw: God list: Okawaru
     0 | D:1      | 0 ||| qw: Allow faded altars: false
     0 | D:1      | 0 ||| qw: Do Orc after clearing Dungeon:15 true
     0 | D:1      | 0 ||| qw: Do second Lair branch before Depths: true
     0 | D:1      | 0 ||| qw: Lair rune preference: random
     0 | D:1      | 0 ||| qw: Goals: Normal
     0 | D:1      | 0 ||| PLANNING D:1-11
    57 | D:1      | Reached XP level 2. HP: 17/17 MP: 2/2
   526 | D:1      | 526 ||| READING scroll labelled GOIR JEJERU.
   527 | D:1      | 527 ||| READING scroll labelled BIGHEDWASE.
   528 | D:1      | 528 ||| READING scroll labelled UPSICO GAFI.
   529 | D:1      | 529 ||| READING scroll labelled LUUROL GOOCO.
   530 | D:1      | 530 ||| DRINKING 2 glowing sapphire potions.
   535 | D:1      | 535 ||| DROPPING scroll of butterflies.
   536 | D:1      | 536 ||| DROPPING potion of ambrosia.
   593 | D:2      | Reached XP level 3. HP: 21/21 MP: 3/3
   701 | D:2      | Reached skill level 5 in Ranged Weapons
   973 | D:2      | 973 ||| FLEEEEING.
   974 | D:2      | 974 ||| FLEEEEING.
   975 | D:2      | 975 ||| FLEEEEING.
  1009 | D:2      | 1009 ||| RETREEAATING.
  1013 | D:2      | HP: 5/22 [orc/+0 club (1)]
  1015 | D:2      | Killed from afar by an orc priest

Levels and vault maps discovered:
D:1:      erik_arrival_triangle_huge, layout_rooms
D:2:      minmay_alternating_diamond, layout_basic

Skill      XL: |  1  2  3 |
---------------+----------+-----
Ranged Weapons | 5 |  5.0
Fighting       | |  2.5
Dodging        | |  1.5
Stealth        | |  1.1

Action                     || total
---------------------------++-------
   Fire: Shortbow          ||    97
    Use: Scroll            ||     4
         Potion            ||     1
 Armour: Leather armour    ||    27
  Dodge: Dodged            ||    17

Table legend:
 A = Non-vault XP
 B = Vault XP
 C = Vault XP percentage of total XP
 D = Non-vault monster count
 E = Vault monster count
 F = Vault count percentage of total count
                 A         B        C        D         E       F
            +---------+---------+-------+---------+---------+-------
      Total |      47 |       5 |   9.6 |      27 |       3 |  10.0
            +---------+---------+-------+---------+---------+-------
        D:1 |      31 |       0 |   0.0 |      17 |       0 |   0.0
        D:2 |      16 |       5 |  23.8 |      10 |       3 |  23.1
            +---------+---------+-------+---------+---------+-------
